 Dungeon Crawl Stone Soup version 0.17-a0-1504-gb7d9117 (webtiles) character file.

513200 Duffy the Imperceptible (level 25, 135/135 HPs)
             Began as a Vine Stalker Assassin on July 8, 2015.
             Was the Champion of Trog.
             Quit the game on level 2 of the Snake Pit.
             The game lasted 03:42:27 (60671 turns).

Duffy the Imperceptible (Vine Stalker Assassin)    Turns: 60671, Time: 03:42:28

Health: 135/135    AC: 28    Str: 19    XL:     25   Next: 61%
Magic:  34/34      EV: 27    Int: 12    God:    Trog [******]
Gold:   5217       SH:  7    Dex: 30    Spells: 0 memorised, 24 levels left

rFire  + + .     SeeInvis .     a - +9 quick blade (venom)
rCold  + + +     Clarity  +     M - +5 fire dragon armour of Theory {rElec rF++ rC-}
rNeg   . . .     SustAt   .     P - +0 buckler
rPois  .         Gourm    .     V - +2 helmet
rElec  +         Spirit   +     u - +2 cloak "Zosipp" {Str+3}
rCorr  .         Warding  .     W - +2 pair of gloves {Dex+3}
rMut   .         Stasis   .     C - +0 pair of boots of the Jackalope {rC++}
MR     +++++                    y - amulet of clarity
Stlth  +++++++++.               Y - ring of Tefeas {+Inv rElec rC++ Dex+2}
                                N - ring of Itudoata {+Fly MR++}

@: almost entirely resistant to hostile enchantments, incredibly stealthy
A: fangs 3, regeneration 3, magic shield, antimagic bite, no device heal 3, rot
immunity
a: Burn Spellbooks, Berserk, Trog's Hand, Brothers in Arms, Renounce Religion,
Evoke Invisibility, Evoke Flight
}: 2/15 runes: decaying, silver


You were on level 2 of the Snake Pit.
You worshipped Trog.
Trog was exalted by your worship.
You were not hungry.

You visited 9 branches of the dungeon, and saw 47 of its levels.
You visited 1 ziggurat, and saw 8 of its levels.
You also visited: Labyrinth, Sewer, Bailey, Ice Cave and Volcano.

You collected 8952 gold pieces.
You spent 3735 gold pieces at shops.


Innate Abilities, Weirdness & Mutations

You have razor-sharp teeth.
You regenerate.
When hurt, damage is shared between your health and your magic reserves.
Your bite disrupts and absorbs the magic of your enemies.
Potions and wands cannot restore your health.
You are immune to rotting.


   Skills:
 - Level 15.0 Fighting
 - Level 8.0 Short Blades
 - Level 18.2 Throwing
 - Level 10.0 Armour
 - Level 17.0 Dodging
 + Level 26.5 Stealth
 - Level 4.5 Shields
 - Level 14.0 Evocations


You had 24 spell levels left.
You didn't know any spells.

Inventory:

Hand weapons
 a - a +9 quick blade of venom (weapon)
 b - a +9 blowgun
Missiles
 p - 19 silver javelins
 t - 2 needles of paralysis
 w - 19 needles of sleeping
 F - 7 steel javelins
 H - 9 needles of confusion
 S - 22 javelins of returning (quivered)
 U - 6 throwing nets
Armour
 u - the +2 cloak "Zosipp" (worn) {Str+3}

   It affects your strength (+3).
 C - the +0 pair of boots of the Jackalope (worn) {rC++}

   It greatly protects you from cold.
 M - the +5 fire dragon armour of Theory (worn) {rElec rF++ rC-}

   It greatly protects you from fire.
   It makes you vulnerable to cold.
   It insulates you from electricity.
 P - a +0 buckler (worn)
 V - a +2 helmet (worn)
 W - a +2 pair of gloves of dexterity (worn)
Jewellery
 l - an uncursed ring of see invisible
 r - an uncursed ring of teleportation
 x - the ring "Forget-Me-Not" {rF+ Dex+5 Slay+3}

   [ring of protection from fire]

   It affects your dexterity (+5).
   It affects your accuracy and damage with ranged weapons and melee attacks
   (+3).
   It protects you from fire.
 y - an amulet of clarity (around neck)
 I - an uncursed ring of sustain attributes
 N - the ring of Itudoata (left hand) {+Fly MR++}

   [ring of flight]

   It affects your resistance to hostile enchantments.
   It lets you fly.
 Y - the ring of Tefeas (right hand) {+Inv rElec rC++ Dex+2}

   [ring of dexterity]

   It affects your dexterity (+2).
   It greatly protects you from cold.
   It insulates you from electricity.
   It lets you turn invisible.
 Z - an uncursed amulet of regeneration
Magical devices
 c - a wand of teleportation (2)
 A - a wand of digging (4)
 Q - a wand of hasting (8)
 R - a wand of disintegration (10)
Scrolls
 f - 4 scrolls of magic mapping
 h - 3 scrolls of identify
 n - 17 scrolls of teleportation
 v - 28 scrolls of remove curse
 B - 4 scrolls of recharging
 D - 2 scrolls of holy word
 G - 9 scrolls of fog
 J - 3 scrolls of summoning
 K - 2 scrolls of blinking
 O - a scroll of silence
 T - 7 scrolls of fear
Potions
 e - 3 potions of invisibility
 j - 12 potions of agility
 m - 12 potions of curing
 s - 5 potions of resistance
 z - 3 potions of might
 L - 5 potions of haste
Miscellaneous
 d - a lamp of fire
 i - a sack of spiders
 k - a phantom mirror
 o - a box of beasts
 E - a phial of floods
 X - a fan of gales
Comestibles
 g - 16 bread rations
 q - 21 meat rations

Dungeon Overview and Level Annotations

Branches:
Dungeon (15/15)            Temple (1/1) D:5            Lair (8/8) D:10
  Swamp (4/4) Lair:5        Snake (2/4) Lair:4        Slime (0/6) Lair:6
    Orc (4/4) D:12            Elf (3/3) Orc:3        Vaults (5/5) D:13
  Crypt (0/3) Vaults:2     Depths (5/5) D:15            Zot (0/5) Depths:5

Altars:
Ashenzari
Cheibriados
Dithmenos
Elyvilon
Fedhas
Gozag
Kikubaaqudgha
Makhleb
Nemelex Xobeh
Okawaru
Qazlal
Ru
Sif Muna
Trog
Vehumet
Xom
Yredelemnul
Zin
The Shining One
Beogh
Jiyva

Shops:
D:15 :   Orc:4 ([*=   Elf:2 }   Vaults:1 [   Vaults:4 *:!   Vaults:5 [
Depths:5 }

Portals:
Hell: Depths:1 Depths:2 Depths:3 Depths:4 Depths:5
Abyss: Depths:4
Pandemonium: Depths:1 Depths:2 Depths:3
Trove: D:13 (give 6 scrolls of blinking)

Annotations:
Elf:2 5 runed doors
Vaults:3 exclusion: orange crystal statue
Depths:3 exclusions: ancient lich, door and lich
Depths:4 exclusions: downstairs and upstairs
Depths:5 exclusions: hellion and obsidian statue


Message History

The naga ritualist completely misses you.
You closely miss the naga ritualist. You bite the naga ritualist.
The naga ritualist's magic leaks into the air.
You drain its magic.
The naga ritualist is severely wounded.
You hit the naga ritualist. You bite the naga ritualist.
The naga ritualist's magic leaks into the air.
You drain its magic.
The naga ritualist is severely wounded.
You closely miss the naga ritualist. Your bite misses the naga ritualist.
The naga ritualist is severely wounded.
You hit the naga ritualist.
You bite the naga ritualist, but do no damage.
The naga ritualist is severely wounded.
The naga ritualist falters for a moment.
You puncture the naga ritualist! You bite the naga ritualist.
The naga ritualist's magic leaks into the air.
You drain its magic.
You kill the naga ritualist!
Trog accepts your kill.
Trog appreciates your killing of a magic user.
p - 19 silver javelins (gained 8)
Items here: ) [ ††† a scimitar of venom; a robe; a water moccasin corpse; a black mamba corpse an anaconda corpse
Found 18 bolts.
Things that are here:
a black mamba corpse; a naga skeleton
Things that are here:
a black mamba corpse; a naga skeleton
Items here: ) [ ††† a scimitar of venom; a robe; a water moccasin corpse; a black mamba corpse an anaconda corpse
There is a stone staircase leading up here.
Are you sure you want to abandon this character and quit the game? (Confirm with "yes".)

##....## ##......#
#.......# ########
#(......†## #####.......
.........)#####...........
##########................
######....##[.......
#........###........
#..@####..#.........
##....###.##........
#######.##......##.
#..#....##### ##..#..###
##.#.#### ####
##...##..###..##
#.....###...#..#
##.......##[.....


There were no monsters in sight!

Action                   |  1- 3 |  4- 6 |  7- 9 | 10-12 | 13-15 | 16-18 | 19-21 | 22-24 | 25-27 || total
-------------------------+-------+-------+-------+-------+-------+-------+-------+-------+-------++-------
Melee: Dagger            |    82 |   139 |   270 |   552 |  1327 |   162 |       |       |       ||  2532
       Quick blade       |       |       |       |       |       |  1963 |  2291 |  2133 |   594 ||  6981
 Fire: Blowgun           |     3 |     3 |       |     9 |     7 |     9 |    42 |    47 |       ||   120
Throw: Javelin           |       |       |       |       |       |       |    13 |    99 |       ||   112
       Throwing net      |       |       |       |       |       |       |     1 |     2 |     4 ||     7
Invok: Burn Spellbooks   |       |       |     1 |     4 |       |     6 |     4 |     2 |     5 ||    22
       Berserk           |       |       |     3 |    10 |    12 |     9 |     6 |     2 |     2 ||    44
       Trog's Hand       |       |       |       |       |     3 |       |       |     3 |       ||     6
       Brothers in Arms  |       |       |       |       |       |       |       |       |     4 ||     4
 Abil: Evoke Invisibilit |       |       |       |       |       |    12 |    28 |    27 |     7 ||    74
       Turn Visible      |       |       |       |       |       |    12 |    25 |    24 |     5 ||    66
       Evoke Flight      |       |       |       |       |       |     2 |       |     1 |     5 ||     8
       Stop Flying       |       |       |       |       |       |       |       |       |     3 ||     3
Evoke: Wand              |       |       |       |     1 |       |    17 |     5 |     2 |       ||    25
       Lamp of fire      |       |       |       |       |       |       |     1 |     2 |     1 ||     4
       Sack of spiders   |       |       |       |       |       |       |       |     3 |       ||     3
  Use: Scroll            |       |       |    13 |     5 |     9 |    20 |     7 |     2 |     2 ||    58
       Potion            |       |       |       |       |     2 |     1 |     2 |     8 |     3 ||    16
 Stab: Sleeping          |    10 |    10 |    31 |    60 |    42 |    50 |    42 |    32 |     9 ||   286
       Distracted        |       |     1 |     1 |     2 |    18 |    15 |    11 |    17 |     7 ||    72
       Fleeing           |       |       |       |       |     1 |       |       |       |       ||     1
       Confused          |       |       |       |       |       |     4 |    19 |    37 |       ||    60
       Invisible         |       |       |       |       |       |    27 |   149 |   121 |    40 ||   337
       Paralysed         |       |       |       |       |       |     1 |       |       |       ||     1
       Held in net/web   |       |       |       |       |       |       |     1 |     6 |     1 ||     8
  Eat: Chunk             |       |     6 |    14 |    20 |    36 |    48 |    38 |    31 |       ||   193
       Fruit             |       |       |       |     8 |     1 |       |     3 |     6 |       ||    18
       Meat ration       |       |       |       |     1 |     1 |     1 |       |     1 |     2 ||     6
       Bread ration      |       |       |       |       |     1 |     3 |     2 |     1 |     2 ||     9

Notes
Turn   | Place    | Note
--------------------------------------------------------------
     0 | D:1      | Duffy the Vine Stalker Assassin began the quest for the Orb.
     0 | D:1      | Reached XP level 1. HP: 11/11 MP: 2/2
    19 | D:1      | Reached skill level 5 in Stealth
   102 | D:1      | Reached skill level 2 in Short Blades
   202 | D:1      | Reached XP level 2. HP: 15/15 MP: 3/3
   487 | D:1      | Reached XP level 3. HP: 16/18 MP: 2/4
   710 | D:1      | You fall through a shaft!
   747 | D:2      | Noticed Terence
   927 | D:2      | Reached skill level 2 in Fighting
  1054 | D:2      | Noticed Robin
  1149 | D:2      | Reached skill level 1 in Dodging
  1170 | D:2      | Killed Robin
  1170 | D:2      | Reached XP level 4. HP: 21/23 MP: 3/5
  1420 | D:2      | Reached skill level 6 in Stealth
  1439 | D:2      | Found an iron altar of Okawaru.
  1447 | D:2      | Killed Terence
  1457 | D:2      | Reached XP level 5. HP: 26/26 MP: 6/6
  1668 | D:3      | Noticed Natasha
  1681 | D:2      | Killed Natasha
  1758 | D:3      | Reached skill level 3 in Short Blades
  1838 | D:3      | Found a shattered altar of Ashenzari.
  2415 | D:4      | Reached skill level 2 in Dodging
  2429 | D:4      | Gained mutation: You heal very quickly. [Vine Stalker growth]
  2429 | D:4      | Reached XP level 6. HP: 21/32 MP: 7/7
  2507 | D:4      | Reached skill level 7 in Stealth
  2623 | D:4      | Reached skill level 3 in Fighting
  2697 | D:4      | Noticed Crazy Yiuf
  2711 | D:4      | Killed Crazy Yiuf
  2711 | D:4      | Reached XP level 7. HP: 36/36 MP: 8/8
  3173 | D:5      | Entered Level 5 of the Dungeon
  3555 | D:5      | Noticed Sigmund
  3560 | D:5      | Killed Sigmund
  3560 | D:5      | Reached skill level 4 in Short Blades
  3560 | D:5      | Reached skill level 3 in Dodging
  3881 | D:5      | Found a staircase to the Ecumenical Temple.
  3890 | Temple   | Entered the Ecumenical Temple
  3988 | Temple   | Became a worshipper of Trog the Wrathful
  4112 | D:6      | Gained mutation: You have razor-sharp teeth. [Vine Stalker growth]
  4112 | D:6      | Reached XP level 8. HP: 42/42 MP: 9/9
  4204 | D:6      | Reached skill level 4 in Fighting
  4263 | D:6      | Found a glowing drain.
  4272 | D:6      | Reached skill level 5 in Short Blades
  4300 | Sewer    | Entered a sewer
  4311 | Sewer    | Acquired Trog's first power
  4413 | Sewer    | Found a white marble altar of Elyvilon.
  4729 | D:6      | Reached skill level 4 in Dodging
  5120 | D:7      | Reached skill level 6 in Short Blades
  5136 | D:7      | Noticed Pikel
  5159 | D:7      | Killed Pikel
  5159 | D:7      | Reached skill level 5 in Fighting
  5159 | D:7      | Reached XP level 9. HP: 38/47 MP: 8/10
  5260 | D:7      | Reached skill level 7 in Short Blades
  5283 | D:7      | Noticed Prince Ribbit
  5308 | D:7      | Killed Prince Ribbit
  5308 | D:7      | Reached skill level 5 in Dodging
  5645 | D:7      | Reached skill level 6 in Fighting
  5645 | D:7      | Reached skill level 8 in Short Blades
  5912 | D:8      | Reached skill level 1 in Shields
  5992 | D:8      | Acquired Trog's second power
  5992 | D:8      | Reached XP level 10. HP: 50/53 MP: 11/11
  6072 | D:8      | Reached skill level 2 in Shields
  6312 | D:8      | Noticed Erica
  6315 | D:8      | Killed Erica
  6315 | D:8      | Reached skill level 6 in Dodging
  6315 | D:8      | Reached skill level 3 in Shields
  6788 | D:8      | Reached skill level 7 in Fighting
  6935 | D:9      | Reached skill level 4 in Shields
  7088 | D:9      | Noticed Psyche
  7099 | D:9      | Killed Psyche
  7429 | D:9      | Reached skill level 7 in Dodging
  7468 | D:9      | Reached skill level 2 in Throwing
  7715 | D:9      | Reached XP level 11. HP: 22/60 MP: 4/12
  8005 | D:10     | Entered Level 10 of the Dungeon
  8084 | D:10     | Reached skill level 8 in Fighting
  8084 | D:10     | Reached skill level 3 in Throwing
  8107 | D:10     | Noticed a hill giant
  8114 | D:10     | Killed a hill giant
  8201 | D:10     | Noticed a hill giant
  8208 | D:10     | Killed a hill giant
  8305 | D:10     | Noticed a hill giant
  8312 | D:10     | Killed a hill giant
  8474 | D:10     | Reached skill level 4 in Throwing
  8483 | D:10     | Acquired Trog's third power
  8570 | D:10     | Found a staircase to the Lair.
  8579 | Lair:1   | Entered Level 1 of the Lair of Beasts
  8761 | Lair:1   | Reached skill level 8 in Dodging
  8912 | Lair:1   | Reached skill level 9 in Fighting
  8912 | Lair:1   | Reached skill level 5 in Throwing
  8951 | Lair:1   | Found a labyrinth entrance.
  8968 | Lab      | Entered a labyrinth
  9252 | Lab      | Got a fine leather armour
  9508 | Lab      | Noticed a minotaur
  9515 | Lab      | Received a gift from Trog
  9521 | Lab      | Killed a minotaur
  9535 | Lab      | Got an ebony dagger
  9557 | Lab      | Identified the +1 leather armour of Darghasm {rPois MR- Int+2} (You found it in a labyrinth)
  9616 | Lab      | Identified the +12 dagger of Bloody Death {pierce, Int+3 Dex+4 Stlth+} (You found it in a labyrinth)
  9668 | Lair:1   | Gained mutation: You regenerate. [Vine Stalker growth]
  9668 | Lair:1   | Reached XP level 12. HP: 52/67 MP: 13/13
 10391 | D:11     | Reached skill level 6 in Throwing
 10520 | D:11     | Reached skill level 9 in Dodging
 11090 | D:12     | Noticed Nergalle
 11093 | D:12     | Killed Nergalle
 11093 | D:12     | Reached skill level 10 in Fighting
 11191 | D:12     | Received a gift from Trog
 11191 | D:12     | Reached skill level 7 in Throwing
 11203 | D:12     | Noticed Snorg
 11320 | D:12     | Killed Snorg
 11598 | D:12     | Found a staircase to the Orcish Mines.
 11598 | D:12     | Found a glowing golden altar of the Shining One.
 11605 | D:12     | Found a roughly hewn altar of Beogh.
 11608 | D:12     | Received a gift from Trog
 11973 | Lair:2   | Received a gift from Trog
 12468 | Lair:3   | Reached skill level 10 in Dodging
 12468 | Lair:3   | Reached XP level 13. HP: 72/72 MP: 14/14
 12475 | Lair:3   | Reached skill level 8 in Throwing
 12490 | Lair:3   | Reached skill level 8 in Stealth
 12972 | Lair:4   | Reached skill level 1 in Evocations
 13045 | Lair:4   | Found a staircase to the Snake Pit.
 13054 | Lair:4   | Noticed Urug
 13107 | Lair:4   | Found a dark tunnel.
 13112 | Lair:4   | Reached skill level 2 in Evocations
 13128 | Volcano  | Entered a volcano
 13148 | Volcano  | Got a distressingly furry fire dragon armour
 13272 | Volcano  | Reached skill level 3 in Evocations
 13288 | Lair:4   | Identified the +5 fire dragon armour of Theory {rElec rF++ rC-} (You found it in a volcano)
 13482 | Lair:4   | Reached skill level 11 in Fighting
 13617 | Lair:4   | Killed Urug
 13617 | Lair:4   | Reached skill level 9 in Stealth
 13913 | Lair:4   | Reached skill level 4 in Evocations
 14135 | Lair:5   | Found a staircase to the Swamp.
 14437 | Lair:6   | Received a gift from Trog
 14453 | Lair:6   | Reached skill level 5 in Evocations
 14464 | Lair:6   | Reached skill level 10 in Stealth
 14818 | D:13     | Found a gate to the Vaults.
 14820 | D:13     | Noticed Rupert
 14909 | D:13     | Reached skill level 6 in Evocations
 15183 | D:13     | Reached XP level 14. HP: 79/79 MP: 20/20
 15256 | D:13     | Received a gift from Trog
 15269 | D:13     | Reached skill level 12 in Fighting
 15269 | D:13     | Reached skill level 7 in Evocations
 15426 | D:13     | Killed Rupert
 15535 | D:13     | Reached skill level 11 in Stealth
 15548 | D:13     | Reached skill level 8 in Evocations
 16081 | D:13     | Found a portal to a secret trove of treasure.
 16432 | D:14     | Noticed Frances
 16472 | D:14     | Killed Frances
 16472 | D:14     | Received a gift from Trog
 16472 | D:14     | Reached skill level 12 in Stealth
 16539 | D:14     | Got a pair of translucent boots
 16545 | D:14     | Identified the +0 pair of boots of the Jackalope {rC++} (You found it on level 14 of the Dungeon)
 17201 | D:14     | Reached skill level 1 in Armour
 17333 | D:14     | Reached skill level 2 in Armour
 17416 | D:14     | Reached skill level 13 in Stealth
 17603 | D:14     | Reached skill level 3 in Armour
 17606 | D:14     | Received a gift from Trog
 17694 | D:15     | Entered Level 15 of the Dungeon
 17734 | D:15     | Received a gift from Trog
 17770 | D:15     | Found Hatihyih's Book Emporium.
 17772 | D:15     | Noticed Azrael
 17805 | D:15     | Killed Azrael
 17805 | D:15     | Reached XP level 15. HP: 84/84 MP: 22/22
 17956 | D:15     | Reached skill level 4 in Armour
 18073 | D:15     | Reached skill level 14 in Stealth
 18076 | D:15     | Found a staircase to the Depths.
 18084 | D:15     | Received a gift from Trog
 18314 | D:15     | Noticed Kirke
 18359 | D:15     | Killed Kirke
 18567 | D:15     | Reached skill level 5 in Armour
 19360 | Lair:6   | Found a viscous altar of Jiyva.
 19360 | Lair:6   | Found a staircase to the Slime Pits.
 19833 | Lair:7   | Found a frozen archway.
 19839 | Lair:7   | Reached skill level 15 in Stealth
 19865 | Lair:7   | Received a gift from Trog
 19886 | Lair:7   | Reached skill level 6 in Armour
 19900 | IceCv    | Entered an ice cave
 20313 | IceCv    | Got a wavering golden ring
 20326 | IceCv    | Identified the ring of Itudoata {+Fly MR++} (You found it in an ice cave)
 20918 | Lair:8   | Entered Level 8 of the Lair of Beasts
 21538 | Lair:8   | Reached skill level 9 in Throwing
 21633 | Lair:8   | Received a gift from Trog
 22094 | Lair:8   | Reached XP level 16. HP: 81/89 MP: 23/23
 22270 | Lair:8   | Received a gift from Trog
 23033 | Lair:8   | Reached skill level 10 in Throwing
 23164 | Lair:6   | Received a gift from Trog
 23520 | Orc:1    | Entered Level 1 of the Orcish Mines
 23860 | Orc:2    | Found a flagged portal.
 23877 | Bailey   | Entered a bailey
 24082 | Orc:2    | Reached skill level 13 in Fighting
 24096 | Orc:2    | Received a gift from Trog
 24157 | Orc:2    | Noticed Maud
 24173 | Orc:2    | Killed Maud
 25044 | Orc:2    | Received a gift from Trog
 25082 | Orc:3    | Found a staircase to the Elven Halls.
 25171 | Orc:3    | Found a radiant altar of Vehumet.
 25359 | Orc:4    | Entered Level 4 of the Orcish Mines
 26172 | Orc:4    | Received a gift from Trog
 26198 | Orc:4    | Reached skill level 9 in Evocations
 26290 | Orc:4    | Received a gift from Trog
 26441 | Orc:4    | Received a gift from Trog
 26523 | Orc:4    | Received a gift from Trog
 27030 | Orc:4    | Found Fixoamolu's General Store.
 27031 | Orc:4    | Found Nixtit's Jewellery Emporium.
 27033 | Orc:4    | Found Igim's Antique Armour Shoppe.
 27033 | Orc:4    | Found Imaes's Antique Weapon Shoppe.
 27248 | Orc:4    | Bought a jewelled cloak for 294 gold pieces
 27248 | Orc:4    | Bought a pair of runed gloves for 139 gold pieces
 27264 | Orc:4    | Identified the +0 cloak of a labyrinth {+Inv Str+2 Dex-4} (You bought it in a shop on level 4 of the Orcish Mines)
 27275 | Orc:4    | Bought a scroll of enchant weapon for 97 gold pieces
 27275 | Orc:4    | Bought a potion of haste for 130 gold pieces
 27277 | Orc:4    | Bought an uncursed ring of invisibility for 480 gold pieces
 27610 | Elf:1    | Entered Level 1 of the Elven Halls
 27947 | Elf:2    | Reached skill level 10 in Evocations
 27977 | Elf:2    | Received a gift from Trog
 28095 | Elf:2    | Received a gift from Trog
 28111 | Elf:3    | Entered Level 3 of the Elven Halls
 28759 | Elf:3    | Noticed a deep elf blademaster
 28794 | Elf:3    | Noticed a deep elf master archer
 28823 | Elf:3    | Killed a deep elf blademaster
 28823 | Elf:3    | Reached XP level 17. HP: 77/96 MP: 18/25
 28827 | Elf:3    | Noticed a deep elf master archer
 28846 | Elf:3    | Reached skill level 14 in Fighting
 28849 | Elf:3    | Noticed a deep elf master archer
 28872 | Elf:3    | Killed a deep elf master archer
 28938 | Elf:3    | Killed a deep elf master archer
 28960 | Elf:3    | Received a gift from Trog
 29033 | Elf:3    | Reached skill level 11 in Evocations
 29533 | Elf:3    | Noticed a deep elf master archer
 29550 | Elf:3    | Killed a deep elf master archer
 29678 | Elf:3    | Noticed a deep elf master archer
 29739 | Elf:3    | Killed a deep elf master archer
 29847 | Elf:3    | Noticed a deep elf blademaster
 29861 | Elf:3    | Killed a deep elf blademaster
 29875 | Elf:3    | Got a wavering bronze ring
 29904 | Elf:3    | Identified the ring "Forget-Me-Not" {rF+ Dex+5 Slay+3} (You took it off a deep elf blademaster on level 3 of the Elven Halls)
 29936 | Elf:3    | Killed a deep elf master archer
 30044 | Elf:3    | Noticed a deep elf master archer
 30062 | Elf:3    | Killed a deep elf master archer
 30158 | Elf:3    | Noticed a deep elf blademaster
 30171 | Elf:3    | Killed a deep elf blademaster
 30370 | Elf:3    | Reached skill level 15 in Fighting
 30370 | Elf:3    | Reached skill level 12 in Evocations
 30531 | Elf:3    | Received a gift from Trog
 30546 | Elf:3    | Noticed a deep elf blademaster
 30559 | Elf:3    | Killed a deep elf blademaster
 30611 | Elf:3    | Noticed a deep elf blademaster
 30621 | Elf:3    | Killed a deep elf blademaster
 31283 | Elf:3    | Received a gift from Trog
 31374 | Elf:3    | Received a gift from Trog
 31461 | Elf:3    | Received a gift from Trog
 31781 | Elf:3    | Received a gift from Trog
 31864 | Elf:3    | Got a smoking bone ring
 31883 | Elf:3    | Identified the ring of Tefeas {+Inv rElec rC++ Dex+2} (You took it off a deep elf mage on level 3 of the Elven Halls)
 32424 | Elf:2    | Reached skill level 16 in Stealth
 32424 | Elf:2    | Reached XP level 18. HP: 104/104 MP: 28/28
 32479 | Elf:2    | Received a gift from Trog
 32534 | Elf:2    | Found a huge runed gate.
 32534 | Elf:2    | Found a huge runed gate.
 32534 | Elf:2    | Found a huge runed gate.
 32534 | Elf:2    | Found a huge runed gate.
 32536 | Elf:2    | Found a huge runed gate.
 32593 | Elf:2    | Received a gift from Trog
 32719 | Elf:2    | Found Fimnios's Gadget Shop.
 32744 | Elf:2    | Noticed Nikola
 32771 | Elf:2    | Killed Nikola
 32771 | Elf:2    | Reached skill level 13 in Evocations
 33615 | Elf:1    | Received a gift from Trog
 33699 | Elf:1    | Reached skill level 17 in Stealth
 33733 | Elf:1    | Received a gift from Trog
 34072 | Elf:1    | Received a gift from Trog
 34860 | Swamp:1  | Entered Level 1 of the Swamp
 35169 | Swamp:1  | Paralysed by a hornet for 3 turns
 35174 | Swamp:1  | Paralysed by a hornet for 2 turns
 35310 | Swamp:2  | Reached skill level 14 in Evocations
 35715 | Swamp:1  | Reached skill level 11 in Dodging
 36053 | Swamp:2  | Reached skill level 7 in Armour
 36186 | Swamp:2  | Received a gift from Trog
 37375 | Swamp:4  | Entered Level 4 of the Swamp
 37402 | Swamp:4  | Reached skill level 18 in Stealth
 37802 | Swamp:4  | Reached XP level 19. HP: 105/108 MP: 30/30
 38281 | Swamp:4  | Reached skill level 8 in Armour
 38386 | Swamp:4  | Noticed a bone dragon
 38427 | Swamp:4  | Killed a bone dragon
 38494 | Swamp:4  | Reached skill level 12 in Dodging
 38542 | Swamp:4  | Got a decaying rune of Zot
 38961 | Elf:2    | Bought a lamp of fire for 600 gold pieces
 38961 | Elf:2    | Bought a sack of spiders for 300 gold pieces
 39042 | Vaults:1 | Entered Level 1 of the Vaults
 39056 | Vaults:1 | Found Xehugoa's Armour Shop.
 39112 | Vaults:1 | Received a gift from Trog
 39252 | Vaults:1 | Received a gift from Trog
 39825 | Vaults:1 | Found a snail-covered altar of Cheibriados.
 40374 | Vaults:2 | Reached skill level 11 in Throwing
 40417 | Vaults:2 | Received a gift from Trog
 40454 | Vaults:2 | Reached skill level 19 in Stealth
 40738 | Vaults:2 | Noticed Mara
 40753 | Vaults:2 | Noticed Duffy's illusion
 40895 | Vaults:1 | Killed Mara
 41144 | Vaults:2 | Reached XP level 20. HP: 80/113 MP: 31/31
 41262 | Vaults:2 | Reached skill level 12 in Throwing
 41374 | Vaults:2 | Received a gift from Trog
 41389 | Vaults:2 | Noticed Jorgrun
 41419 | Vaults:2 | Killed Jorgrun
 41419 | Vaults:2 | Received a gift from Trog
 41419 | Vaults:2 | Reached skill level 20 in Stealth
 41535 | Vaults:2 | Found a shimmering altar of Xom.
 41776 | Vaults:2 | Found a staircase to the Crypt.
 41776 | Vaults:2 | Found a basalt altar of Yredelemnul.
 41777 | Vaults:2 | Found an ancient bone altar of Kikubaaqudgha.
 41881 | Vaults:2 | Found a roughly hewn altar of Beogh.
 42275 | Vaults:2 | Noticed Xtahua
 42287 | Vaults:2 | Killed Xtahua
 42287 | Vaults:2 | Reached skill level 13 in Throwing
 42520 | Vaults:3 | Received a gift from Trog
 42873 | Vaults:3 | Received a gift from Trog
 42920 | Vaults:3 | Reached skill level 14 in Throwing
 43137 | Vaults:3 | Received a gift from Trog
 43808 | Vaults:3 | Reached XP level 21. HP: 117/117 MP: 32/32
 44175 | Vaults:4 | Found Kaenoy's Assorted Antiques.
 44180 | Vaults:4 | Bought a warped steel ring for 120 gold pieces
 44180 | Vaults:4 | Bought a scroll of identify for 48 gold pieces
 44180 | Vaults:4 | Bought a scroll labeled XYQ ETEILE for 24 gold pieces
 44180 | Vaults:4 | Bought a scroll of identify for 48 gold pieces
 44187 | Vaults:4 | Identified the ring of Arrival {AC+3 Dex+5 Slay-4} (You bought it in a shop on level 4 of the Vaults)
 44205 | Vaults:4 | Found Waekuuph's Book Boutique.
 44290 | Vaults:4 | Received a gift from Trog
 44570 | Vaults:4 | Reached skill level 9 in Armour
 44985 | Vaults:4 | Received a gift from Trog
 45276 | Vaults:4 | Found Anycauf's Distillery.
 45281 | Vaults:4 | Bought 2 potions of poison for 36 gold pieces
 45281 | Vaults:4 | Bought a potion of mutation for 45 gold pieces
 45285 | Vaults:4 | Bought a potion of resistance for 180 gold pieces
 45285 | Vaults:4 | Bought a potion of haste for 180 gold pieces
 45285 | Vaults:4 | Bought a potion of curing for 54 gold pieces
 45296 | Vaults:4 | Reached skill level 13 in Dodging
 46031 | Lair:1   | Gained mutation: You can spit weak poison. [potion of beneficial mutation]
 46275 | Depths:1 | Entered Level 1 of the Depths
 46439 | Depths:1 | Reached skill level 10 in Armour
 46677 | Depths:1 | Found a gateway to Hell.
 46742 | Depths:1 | Found a one-way gate leading to the halls of Pandemonium.
 46818 | Depths:1 | Found a glowing golden altar of the Shining One.
 46920 | Depths:1 | Received a gift from Trog
 47222 | Depths:2 | Reached skill level 14 in Dodging
 47826 | Depths:2 | Received a gift from Trog
 47975 | Depths:2 | Reached XP level 22. HP: 122/122 MP: 33/33
 48106 | Depths:2 | Found an ancient bone altar of Kikubaaqudgha.
 48254 | Depths:2 | Reached skill level 15 in Dodging
 48544 | Depths:2 | Received a gift from Trog
 49211 | Depths:3 | Received a gift from Trog
 49480 | Depths:3 | Noticed Mennas
 49528 | Depths:3 | Killed Mennas
 49561 | Depths:3 | Found a gateway to a ziggurat.
 49689 | Depths:3 | Received a gift from Trog
 49930 | Depths:3 | Noticed Saint Roka
 49944 | Depths:3 | Killed Saint Roka
 49964 | Depths:3 | Reached skill level 21 in Stealth
 50061 | Depths:3 | Found an ancient bone altar of Kikubaaqudgha.
 50061 | Depths:3 | Noticed an ancient lich
 50245 | Depths:3 | Reached skill level 16 in Dodging
 50610 | Depths:4 | Found a one-way gate to the infinite horrors of the Abyss.
 50632 | Depths:4 | Noticed Louise
 50640 | Depths:4 | Killed Louise
 50765 | Depths:4 | Received a gift from Trog
 51131 | Depths:4 | Got a pair of steaming gloves
 51142 | Depths:4 | Identified the +2 pair of gloves of Fashionability {*Corrode rF+ Str+3 SInv} (You found it on level 4 of the Depths)
 51320 | Depths:4 | Reached XP level 23. HP: 101/126 MP: 34/34
 51533 | Depths:4 | Noticed a greater mummy
 51568 | Depths:4 | Killed a greater mummy
 51568 | Depths:4 | Reached skill level 22 in Stealth
 51862 | Depths:4 | Noticed a greater mummy
 51866 | Depths:4 | Killed a greater mummy
 52095 | Depths:5 | Entered Level 5 of the Depths
 52157 | Depths:5 | Found Nuix's Gadget Emporium.
 52168 | Depths:5 | Bought a phial of floods for 960 gold pieces
 52209 | Depths:5 | Received a gift from Trog
 52440 | Depths:5 | Reached skill level 17 in Dodging
 52979 | Depths:5 | Found a sparkling altar of Nemelex Xobeh.
 53025 | Depths:5 | Reached skill level 15 in Throwing
 53263 | Depths:5 | Reached skill level 23 in Stealth
 53565 | Depths:5 | Received a gift from Trog
 53695 | Depths:5 | Found a gate to the Realm of Zot.
 54302 | Vaults:5 | Entered Level 5 of the Vaults
 54678 | Vaults:5 | Got a polished cloak
 54697 | Vaults:5 | Reached XP level 24. HP: 131/131 MP: 34/34
 54704 | Vaults:5 | Identified the +2 cloak "Zosipp" {Str+3} (You found it on level 5 of the Vaults)
 54994 | Vaults:5 | Received a gift from Trog
 55029 | Vaults:5 | Reached skill level 16 in Throwing
 55068 | Vaults:5 | Reached skill level 24 in Stealth
 55233 | Vaults:5 | Received a gift from Trog
 55319 | Vaults:5 | Received a gift from Trog
 56133 | Vaults:5 | Received a gift from Trog
 56506 | Vaults:5 | Reached skill level 17 in Throwing
 56506 | Vaults:5 | Reached skill level 25 in Stealth
 56940 | Vaults:5 | Received a gift from Trog
 57028 | Vaults:5 | Found Tyef's Armour Shoppe.
 57074 | Vaults:5 | Got a silver rune of Zot
 57255 | Vaults:5 | Reached XP level 25. HP: 100/135 MP: 34/34
 58117 | D:15     | Received a gift from Trog
 58272 | Zig:1    | Entered Level 1 of a ziggurat
 58289 | Zig:2    | Entered Level 2 of a ziggurat
 58366 | Zig:3    | Entered Level 3 of a ziggurat
 58396 | Zig:3    | Got a transparent fire dragon armour
 58407 | Zig:3    | Identified the +1 fire dragon armour "Nashral" {rF++ rC- rN+ MR+ Str+7 Dex-2} (You found it on level 3 of a ziggurat)
 58514 | Zig:4    | Entered Level 4 of a ziggurat
 58607 | Zig:5    | Entered Level 5 of a ziggurat
 58694 | Zig:6    | Entered Level 6 of a ziggurat
 58877 | Zig:7    | Entered Level 7 of a ziggurat
 58895 | Zig:7    | Reached skill level 26 in Stealth
 58904 | Zig:7    | Reached skill level 18 in Throwing
 58945 | Zig:8    | Entered Level 8 of a ziggurat
 58963 | Zig:8    | Received a gift from Trog
 59013 | Zig:8    | Gained mutation: You tend to lose your temper in combat. [mutagenic glow]
 59036 | Zig:8    | Received a gift from Trog
 59050 | Depths:3 | Lost mutation: You can spit weak poison. [potion of cure mutation]
 59050 | Depths:3 | Lost mutation: You tend to lose your temper in combat. [potion of cure mutation]
 59473 | Snake:1  | Entered Level 1 of the Snake Pit
 60623 | Snake:2  | Received a gift from Trog
 60671 | Snake:2  | Quit the game

Vault maps used:
D:1:      dpeg_arrival_central
D:2:      okawaru_ov_weapons_minmay, uniq_robin, uniq_terence
D:3:      first_bread, ashenzari_altar_1, uniq_natasha
D:4:      uniq_crazy_yiuf_cottage
D:5:      lemuel_ice_spiral_2, minmay_liquid_box, uniq_sigmund
D:6:      gup_sewer_entry_glass, hangedman_decor_growths,
          kennysheep_generic_room_11
D:7:      grunt_livestock, uniq_pikel, uniq_prince_ribbit1
D:8:      amethyst_killhole, uniq_erica
D:9:      st_stairs_6, uniq_psyche
D:10:     grunt_decor_clamped
D:11:     minmay_ornate_pinched
D:12:     minmay_orc_entry_temple_small, serial_glass, glass_columns_a,
          glass_columns_b, basic_altar, uniq_snorg, uniq_nergalle
D:13:     minmay_four_partial_circles, david_vaults_3, enter_trove_3
D:14:     hangedman_decor_push, serial_bayou_pond_a,
          hangedman_cracks_in_the_wall, uniq_frances, uniq_rupert
D:15:     grunt_enter_depths_snipers, minmay_misc_feat_pillars, serial_shops,
          nicolae_shop_waterfront, uniq_azrael, uniq_kirke
Temple:   grunt_circular_temple_18
Lair:1:   lab_entry_generic
Lair:4:   guppyfry_snake_entry_island, nicolae_volcano_entry_batcave, uniq_urug
Lair:5:   swamp_mist_pool
Lair:6:   dpeg_slime_entry_enclosed_altar, nicolae_quartered_pool_little,
          minmay_lair_oklob_bushes
Lair:7:   portal_ice_cave_entry_animals_and_master
Lair:8:   due_jungle_book
Swamp:1:  evilmike_swamp_ruin_house_2
Swamp:2:  evilmike_swamp_ruin_rubble_2
Swamp:3:  evilmike_swamp_ruin_house_5, swamp_pool1
Swamp:4:  swamp_pestilence
Snake:1:  grunt_megastairs_1
Snake:2:  basic_altar, grunt_megastairs_3, serial_bayou_shore_b
Orc:2:    lightli_bailey_entry_fortress, uniq_maud
Orc:3:    basic_altar, nicolae_orc_pool_cavern
Orc:4:    st_orc_congregation
Elf:1:    hangedman_cross_veins, minmay_elf_annihilation
Elf:2:    serial_shops, nicolae_shop_temple_entry_statues_fountains, uniq_nikola
Elf:3:    minmay_elf_hall, serial_sigils, serial_sigils_hangedman_quiver,
          serial_sigils_hangedman_gnaw, serial_sigils_hangedman_stare
Vaults:1: vaults_room_semicircle, nicolae_vaults_ring_of_whatevers, v_pattern_5,
          v_misc_33, hangedman_vaults_corner_blocks, v_misc_28,
          grunt_vaults_hallway_short, serial_shops, shop, basic_altar
Vaults:2: minmay_crypt_entry_necro_gods, dpeg_vaults_monster_row,
          ontoclasm_vaults_decontamination, vaults_mumra_minichess,
          ontoclasm_vaults_pinch, v_pattern_2, special_room_vaults,
          vaults_dpeg_ring, basic_altar, uniq_xtahua, uniq_mara, uniq_jorgrun
Vaults:3: vaults_room_octagon, v_pattern_3, v_misc_2, v_alt_pattern_6,
          hangedman_vaults_hat, nicolae_vaults_three_branches, stair_cage_open,
          ontoclasm_vaults_shuriken, grunt_vaults_twisty,
          vaults_room_ringed_pool, nicolae_vaults_gold_heap,
          ontoclasm_vaults_loading_screen, nicolae_vaults_statue_guard
Vaults:4: v_misc_31, hangedman_vaults_variations, hangedman_vaults_unwind,
          v_misc_2, hangedman_vaults_stagger, v_misc_33, v_misc_22,
          vaults_room_pools, serial_shops, shop, shop_fountains,
          nicolae_shop_overgrown_old_shop
Vaults:5: serial_shops
Depths:1: tso_altar, pf_vacation_house_of_asmodeus, pan_entry,
          grunt_ministairs_10, hex_medium, minmay_holes, hangedman_decor_points,
          grunt_decor_arrowhead, wad_rectangle_vault
Depths:2: lemuel_vampire_tower, infiniplex_staircase_spiral, pf_coc_iceberg,
          rand_demon_pan_entry_1, serial_bayou_shore_b
Depths:3: evilmike_negative_zone, enter_ziggurat_b, hell_entry,
          minmay_crystal_room, rand_demon_pan_entry_9,
          infiniplex_staircase_zigzag_2, firewood_loft, uniq_mennas,
          uniq_saint_roka
Depths:4: ragdoll_tomb_raider, hell_entry, nicolae_sextant,
          nicolae_abyss_entry_one_way_or_another, infiniplex_staircase_zigzag_3
Depths:5: evilmike_zot_entry_gauntlet, serial_shops, shop, nicolae_wwwww,
          hellmouth_1, minivault_16, nemelex_diamond_rough_becter
Zig:5:    ziggurat_pillar_centre_dead_trees
Zig:7:    ziggurat_loot_2
Lab:      lab_hedge, nicolae_lab_quarters, nicolae_lab_t_cross, lab_fountain
Sewer:    sewer_kobolds
Bailey:   bailey_polearm_4, bailey
IceCv:    ice_cave_small_dragons
Volcano:  volcano_overflow

Vanquished Creatures
  Mara Mennas
  2 greater mummies Saint Roka
  5 golden dragons Nikola Xtahua
  6 liches
  A bone dragon Jorgrun
  3 tentacled monstrosities Rupert
  5 deep elf blademasters
  4 titans
  2 quicksilver dragons
  An acid blob
  6 deep elf master archers
  5 sphinxes
  6 storm dragons Frances
  A shadow dragon Kirke
  7 tengu reavers
  2 thorn hunters
  5 fire giants
  18 frost giants
  A draconian scorcher Maud
  6 deep elf sorcerers
  21 vault wardens
  5 iron dragons Louise
  An orc warlord
  A caustic shrike zombie
  14 very ugly things
  12 ironheart preservers
  3 war gargoyles
  27 stone giants
  2 green draconians
  A draconian caller
  2 black draconians
  9 deep elf annihilators
  3 deep elf demonologists
  4 dire elephants Azrael
  A vampire knight
  A salamander stormcaller
  2 pale draconians
  A blizzard demon
  4 deep elf death magi
  2 white draconians
  A minotaur Snorg
  20 yaktaur captains
  6 ettins
  3 merfolk impalers
  31 vault guards
  10 fire dragons
  7 mummy priests
  3 deep elf high priests
  3 rakshasas
  6 entropy weavers
  2 catoblepae
  9 ice dragons
  12 hydras
  12 great orbs of eyes
  2 naga warriors
  8 anacondas
  4 spriggan air magi
  4 ghost crabs Erica
  9 centaur warriors
  2 merfolk avatars
  12 ogre magi
  3 dancing weapons
  6 death yaks
  A vampire mage
  3 merfolk aquamancers
  6 alligators
  5 orc high priests
  7 deep troll shamans
  5 tengu warriors
  4 spriggan berserkers
  5 naga sharpshooters Urug
  A shock serpent
  8 deep troll earth magi Nergalle
  3 iron trolls
  4 fire crabs
  A fire crab (shapeshifter)
  A skeletal warrior
  A death drake
  24 deep elf knights
  A small abomination
  An unseen horror
  5 spriggan druids
  A giant orange brain
  24 ironbrand convokers
  A deep troll (shapeshifter)
  14 deep elf summoners
  A quicksilver dragon simulacrum
  6 swamp dragons
  2 ice statues
  3 shambling mangroves
  2 ice devils
  An anubis guard
  An unseen horror (shapeshifter)
  Pikel
  7 hill giants
  A tengu zombie
  A sphinx zombie
  23 orc knights
  3 flayed ghosts
  5 wizards
  32 deep elf conjurers
  A phantasmal warrior
  3 naga ritualists
  30 deep trolls
  A stone giant zombie
  4 orc sorcerers
  A frost giant zombie
  An oklob plant
  A cyclops (shapeshifter)
  A lindwurm (shapeshifter)
  5 harpies
  5 mana vipers
  12 human zombies
  A manticore
  A tengu skeleton
  4 griffons
  45 ugly things
  6 necromancers
  A shining eye
  A salamander
  9 elephants
  A sphinx skeleton
  12 cyclopes
  A salamander (shapeshifter)
  A spriggan zombie
  18 black mambas
  5 wolf spiders
  12 spiny frogs
  6 hornets
  A stone giant skeleton
  3 water nymphs
  5 gargoyles
  18 vault sentinels
  An elf zombie Psyche
  A molten gargoyle
  2 guardian serpents
  98 yaktaurs
  5 centaur skeletons
  6 naga magi
  2 tormentors
  4 swamp worm zombies
  2 hellions
  3 guardian mummies
  3 komodo dragons
  17 deep elf priests
  5 kobold demonologists
  A fire drake
  An efreet
  5 hydra zombies
  An elf skeleton
  3 trolls
  A jumping spider (shapeshifter)
  4 tengu conjurers
  8 merfolk
  3 polar bears
  A blue devil
  A wind drake (shapeshifter)
  Prince Ribbit
  2 jumping spiders
  A sphinx simulacrum
  3 freezing wraiths
  8 giant leeches
  22 two-headed ogres
  7 bog bodies
  7 boulder beetles
  A fire giant simulacrum
  2 alligator zombies
  32 slime creatures
  2 ettin zombies
  6 flying skulls
  15 blink frogs
  2 air elementals
  4 spectral swamp dragons
  A two-headed ogre (shapeshifter)
  2 wraiths
  2 trapdoor spiders
  58 deep elf magi
  A redback (shapeshifter)
  3 fire bats
  A spriggan skeleton Sigmund
  A tarantella (shapeshifter)
  47 yaks
  3 tarantellas
  15 redbacks
  7 water elementals
  9 spriggans
  16 vampire mosquitoes
  2 golden eyes
  4 shadows
  4 fire elementals
  13 hippogriffs
  16 humans
  4 basilisks
  A wyvern
  6 hogs
  5 hungry ghosts
  36 deep elf fighters
  A yak (shapeshifter)
  7 vampires
  A wolf
  20 insubstantial wisps
  A golden eye (shapeshifter)
  12 nagas
  3 steam dragons
  6 hell hounds
  16 porcupines
  11 swamp worms
  4 wargs
  23 water moccasins
  4 human simulacra
  18 ice beasts
  54 orc warriors
  2 black bears
  3 sky beasts
  3 slaves
  2 swamp dragon zombies
  4 swamp drakes
  9 phantoms
  An ettin simulacrum
  4 eyes of draining
  A spriggan simulacrum
  50 ogres
  5 boggarts
  8 crocodiles
  12 wasps
  23 giant frogs
  28 centaurs
  9 big kobolds
  6 earth elementals
  A wyvern zombie
  A wyvern skeleton
  3 scorpions
  A boulder beetle zombie
  8 wights
  21 killer bees
  A troll skeleton
  5 crimson imps
  7 centaur zombies
  3 electric eels
  A quasit
  A gnoll shaman
  7 iguanas
  8 hounds
  40 orc priests Crazy Yiuf
  2 giant frog zombies
  5 jellies
  2 giant frog skeletons
  2 iron imps
  37 orc wizards Terence Natasha
  A hell rat
  17 sheep
  7 worker ants
  A sheep (shapeshifter)
  A killer bee zombie
  A hound zombie
  A hound skeleton
  A mummy Robin
  12 adders
  4 swamp drake zombies
  12 gnolls
  50 river rats
  5 shadow imps
  An ufetubus
  2 oozes
  2 adder skeletons
  A worm
  196 orcs
  4 ball pythons
  A bat skeleton
  7 giant cockroaches
  29 goblins
  23 hobgoblins
  16 jackals
  4 quokkas
  18 bats
  5 giant geckos
  A giant gecko skeleton
  A giant gecko zombie
  3 giant newts
  A jackal skeleton
  33 kobolds
  18 rats
  A bush
  4 crawling corpses
  16 fungi
  9 plants
2396 creatures vanquished.
